 Dungeon Crawl Stone Soup version 0.30.0-3-ga4e48a9924 (webtiles) character file.

Game seed: 17061112890134635919

94 Daunt the Gusty (level 4, 0/25 HPs)
             Began as a Kobold Air Elementalist on May 8, 2023.
             Slain by a white imp (2 damage)
             ... on level 3 of the Dungeon.
             The game lasted 00:07:55 (2795 turns).

Daunt the Gusty (Kobold Air Elementalist)           Turns: 2795, Time: 00:07:56

Health: 0/25       AC:  2    Str:  5    XL:     4   Next: 94%
Magic:  1/7        EV: 15    Int: 18    God:
Gold:   103        SH:  0    Dex: 15    Spells: 1/7 levels left

rFire   . . .        j - +2 morningstar (holy)
rCold   . . .        (no shield)
rNeg    . . .        a - +0 robe
rPois   .            (no helmet)
rElec   .            (no cloak)
rCorr   .            (no gloves)
SInv    .            (no boots)
Will    .....        (no amulet)
Stlth   +++          (no ring)
HPRegen 0.24/turn    (no ring)
MPRegen 0.10/turn

%: no passive effects
@: no status effects
A: small, no large weapons, nightstalker 3
a: no special abilities


You were on level 3 of the Dungeon.
You visited 1 branch of the dungeon, and saw 3 of its levels.

You collected 103 gold pieces.

Inventory:

Hand Weapons
 c - a +0 dagger
 f - a +0 mace
 j - a +2 morningstar of holy wrath (weapon)
Missiles
 e - 38 stones
Armour
 a - a +0 robe (worn)
Scrolls
 g - a scroll of teleportation
 i - a scroll of silence {unknown}
 m - a scroll of noise {unknown}
 o - a scroll of immolation {unknown}
 p - a scroll of enchant weapon {unknown}
 q - a scroll of fear {unknown}
 r - a scroll of vulnerability {unknown}
Potions
 b - a potion of magic
 d - a potion of heal wounds
 h - a potion of haste
 k - 2 potions of resistance
 l - a potion of might
 n - 2 potions of curing {unknown}


   Skills:
 - Level 1.0 Fighting
 - Level 2.4 Dodging
 - Level 3.0 Stealth
 - Level 2.1 Spellcasting
 - Level 3.0 Conjurations
 + Level 4.0 Air Magic


You had one spell level left.
You knew the following spells:

 Your Spells              Type           Power      Damage    Failure   Level
a - Shock                 Conj/Air       56%        1d6       4%          1
b - Static Discharge      Conj/Air       28%        2-4/arc   6%          2
w - Swiftness             Air            16%        N/A       10%         3

Your spell library contained the following spells:

 Spells                   Type           Power      Damage    Failure   Level
 Airstrike                Air            8%         2d(2-18)  32%         4


Dungeon Overview and Level Annotations

Branches:
Dungeon (3/15)

Altars:
Trog


Innate Abilities, Weirdness & Mutations

You are small and have problems with some larger weapons.
You are completely attuned to the shadows.


Message History

The lightning grounds out.
The adder closely misses you. The adder barely misses you.
Unknown command.
Casting: Static Discharge (safe; 6% risk of failure)
Confirm with . or Enter, or press ? or * to list all spells.
You don't have enough magic to cast this spell.
Unknown command.
Unknown command.
The white imp attacks as you move away! The white imp barely misses you.
The white imp gestures at you. The puff of frost misses you.
You hit the adder.
The adder is almost dead.
The adder bites you but does no damage. The adder misses you.
Casting: Static Discharge (safe; 6% risk of failure)
Confirm with . or Enter, or press ? or * to list all spells.
The adder is struck by an arc of lightning.
You kill the adder!
You are struck by an arc of lightning.
The white imp gestures at you. The puff of frost misses you.
Your Air Magic skill increases to level 4!
Unknown command.
Unknown command.
The white imp gestures at you. The puff of frost hits you.
The white imp gestures at you. The puff of frost misses you.
Your magical contamination has completely faded away.
Found 7 gold pieces.
The zap hits the white imp but does no damage.
The white imp is almost dead.
You are out of magic!
The white imp gestures at you. The puff of frost hits you!
* * * LOW HITPOINT WARNING * * *
The white imp hits you.
* * * LOW HITPOINT WARNING * * *
The white imp freezes you.
You die...

. #......... .##..#.#
.##......... ...#..
............ #.# ###
............ #.# .
#....##### #.# ##
.####..###### #.#...
.#..........# #.#...
#.#.####...# #....$
##.#.#≈≈≈≈~~# #@....
~###.####.5.####5....
~~~#.....##..##......
~........###..#.~~...
##.......####.....~.#
#######....†...~.~.#
#.##+###..... #.#
......... #.+
..(......


You could see a white imp.

Vanquished Creatures
  An adder (D:3)
  2 worms
  4 dart slugs
  An orc (D:3)
  4 endoplasms
  5 giant cockroaches
  8 goblins
  6 hobgoblins
  2 quokkas
  7 ball pythons
  6 bats
  3 frilled lizards (D:1)
  7 kobolds
  9 rats
65 creatures vanquished.

Notes
Turn   | Place    | Note
-------+----------+-------------------------------------------
     0 | D:1      | Daunt the Kobold Air Elementalist began the quest for the
                  | Orb.
     0 | D:1      | Reached XP level 1. HP: 10/10 MP: 3/3
   235 | D:1      | Reached XP level 2. HP: 16/16 MP: 0/5
   266 | D:1      | Reached skill level 1 in Fighting
   702 | D:1      | Reached XP level 3. HP: 20/20 MP: 3/6
  1228 | D:2      | Found a faded altar of an unknown god.
  1386 | D:2      | You fall into a shaft and drop 1 floor!
  1416 | D:2      | Learned a level 2 spell: Static Discharge
  1420 | D:2      | Learned a level 3 spell: Swiftness
  1691 | D:2      | Reached XP level 4. HP: 25/25 MP: 4/7
  2625 | D:3      | Found a bloodstained altar of Trog.
  2776 | D:3      | Reached skill level 4 in Air Magic
  2795 | D:3      | Slain by a white imp

Illustrated notes

Levels and vault maps discovered:
D:1:      reono_arrival_mine, layout_basic
D:2:      layout_loops_ring, ebering_ecumenical_altar_box, st_stairs_5,
          minmay_tetromino_t4
D:3:      layout_basic, trog_butcher_becter, minitemple, serial_rivers,
          chequers_serial_rivers_micro_c, chequers_serial_rivers_large_b,
          chequers_serial_rivers_micro_b, chequers_serial_rivers_small_b

Skill      XL: |  1  2  3  4 |
---------------+-------------+-----
Stealth        | 3 |  3.0
Fighting       | 1 |  1.0
Conjurations   | 2 3 |  3.0
Air Magic      | 4 |  4.0
Dodging        | |  2.4
Spellcasting   | |  2.1

Action                     |  1- 3 |  4- 6 || total
---------------------------+-------+-------++-------
  Melee: Unarmed           |     2 |       ||     2
         Dagger            |    12 |       ||    12
         Punch             |     1 |       ||     1
         Morningstar       |       |    15 ||    15
   Cast: Shock             |    76 |    49 ||   125
         Static Discharge  |       |     2 ||     2
    Use: Scroll            |       |     5 ||     5
 Armour: Robe              |     3 |     4 ||     7
  Dodge: Dodged            |    11 |    24 ||    35
